 Dungeon Crawl Stone Soup version 0.19-a0-919-g901835a (webtiles) character file.

53 Sixotanaka the Slasher (level 3, -1/24 HPs)
             Began as a High Elf Skald on July 5, 2016.
             Slain by an adder (3 damage)
             ... on level 2 of the Dungeon.
             The game lasted 00:02:18 (2049 turns).

Sixotanaka the Slasher (High Elf Skald)             Turns: 2049, Time: 00:02:19

Health: -1/24      AC:  3    Str: 11    XL:     3   Next: 64%
Magic:  7/7        EV: 11    Int: 15    God:
Gold:   38         SH:  0    Dex: 16    Spells: 2 memorised, 3 levels left

rFire  . . .     SeeInvis .     a - +0 falchion
rCold  . . .     Gourm    .     b - +0 leather armour
rNeg   . . .     Faith    .     (no shield)
rPois  .         Spirit   .     (no helmet)
rElec  .         Dismiss  .     (no cloak)
rCorr  .         Reflect  .     (no gloves)
SustAt .         Harm     .     (no boots)
MR     .....                    (no amulet)
Stlth  +.........               (no ring)
                                (no ring)

@: lethally poisoned (-1 -> -8), not resistant to hostile enchantments, very
unstealthy
A: no striking features
a: no special abilities


You were on level 2 of the Dungeon.
You were not hungry.

You visited 1 branch of the dungeon, and saw 2 of its levels.

You collected 38 gold pieces.


   Skills:
 - Level 2.0 Fighting
 + Level 4.9 Long Blades
 - Level 0.8 Armour
 - Level 1.1 Dodging
 - Level 2.4 Spellcasting
 - Level 3.6 Charms


You had 3 spell levels left.
You knew the following spells:

 Your Spells              Type           Power        Failure   Level  Hunger
a - Shroud of Golubria    Chrm/Tloc      #.........   24%         2    ###....
z - Infusion              Chrm           ##..         10%         1    #......


Dungeon Overview and Level Annotations

Branches:
Dungeon (2/15)

Altars:

Inventory:

Hand Weapons
 a - a +0 falchion (weapon)
Armour
 b - a +0 leather armour (worn)
Scrolls
 e - a scroll of remove curse {unknown}
 f - a scroll of immolation {unknown}
 j - 2 scrolls of blinking {unknown}
 k - a scroll of identify {unknown}
 l - 2 scrolls of enchant armour {unknown}
 m - 2 scrolls of magic mapping {unknown}
Potions
 i - 2 potions of brilliance {unknown}
Books
 c - a book of Battle
Comestibles
 d - 2 bread rations {@e1}
 g - a meat ration {@e2}

#.# #.# ..# #.#
# ..###.# #..).
#..# #@.#
#...SK......#
#............
.........##.#..
.##......# # .
#......#
#......#
#.###..#


You could see an adder and a kobold.


Message History

There is an open door here.
There is an open door here.
Done exploring.
Done exploring.
Done exploring.
Done exploring.
All of the chunks of flesh in your inventory have rotted away.
There is an open door here.
There is an open door here.
Things that are here:
a club; a mace
There is a stone staircase leading down here.
You climb downwards.
An adder and a kobold come into view.
Found a hunting sling.
There is a stone staircase leading up here.
The helpless adder fails to defend itself.
You hit the adder. The adder bites you.
You hit the adder. The adder bites you.
You miss the adder. The adder bites you but does no damage.
The adder barely misses you.
You hit the adder but do no damage. The adder bites you.
You hit the adder. The adder completely misses you.
You riposte.
You hit the adder. The kobold hits you with a club.
You closely miss the adder. The adder bites you.
You are poisoned.
The adder poisons you! The kobold hits you with a club.
The adder bites you but does no damage.
You closely miss the adder.
You feel sick. The adder closely misses you.
The kobold hits you but does no damage.
You are too injured to fight recklessly!
You are too injured to fight recklessly!
You miss the adder. The adder bites you.
* * * LOW HITPOINT WARNING * * *
The kobold misses you.
Unknown command.
You closely miss the adder.
You feel sick. The adder bites you.
* * * LOW HITPOINT WARNING * * *
You are lethally poisoned!
The adder poisons you! The adder barely misses you.
You riposte.
You hit the adder. The kobold barely misses you.
You riposte.
You miss the kobold. You closely miss the adder. The adder bites you.
* * * LOW HITPOINT WARNING * * *
The kobold closely misses you.
You riposte.
You closely miss the kobold.
Unknown command.
You closely miss the adder.
* * * LOW HITPOINT WARNING * * *
You feel sick. The adder bites you.
You die...

Vault maps used:
D:1:      dpeg_arrival_three_same_balls, minmay_heptomino_l4
D:2:      lemuel_doored_altar, uniq_terence

Vanquished Creatures
  An adder (D:1)
  2 dart slugs (D:1)
  A giant gecko (D:1)
  4 bats (D:1)
  6 goblins (D:1)
  7 hobgoblins (D:1)
  4 jackals (D:1)
  2 ball pythons (D:1)
  2 giant newts (D:1)
  2 kobolds (D:1)
  8 rats (D:1)
39 creatures vanquished.

Table legend:
 A = Turns spent in this place as a percentage of turns spent in the entire game.
 B = Non-inter-level travel turns spent in this place as a percentage of non-inter-level travel turns spent in the entire game.
 C = Inter-level travel turns spent in this place as a percentage of turns spent in this place.
 D = Turns resting spent in this place as a percentage of non-inter-level travel turns spent in this place.
 E = Turns spent auto-exploring this place as a percentage of non-inter-level travel turns spent in this place.
 F = Non-inter-level travel turns spent in this place divided by the number of levels of this place that you've seen.
                   A       B       C       D       E      F
               +-------+-------+-------+-------+-------+----------------------
         Total | 100.0 | 100.0 |   0.3 |  10.5 |  13.0 | 196.0
       Dungeon | 100.0 | 100.0 |   0.3 |  10.5 |  13.0 | 196.0
               +-------+-------+-------+-------+-------+----------------------

Table legend:
 A = Kills in this place as a percentage of kills in entire the game.
 B = Kills by you in this place as a percentage of kills by you in the entire game.
 C = Kills by friends in this place as a percentage of kills by friends in the entire game.
 D = Other kills in this place as a percentage of other kills in the entire game.
 E = Experience gained in this place as a percentage of experience gained in the entire game.
 F = Experience gained in this place divided by the number of levels of this place that you have seen.
                   A       B       C       D       E      F
               +-------+-------+-------+-------+-------+----------------------
         Total | 100.0 | 100.0 |  -nan |  -nan | 100.0 |  38.5
       Dungeon | 100.0 | 100.0 |  -nan |  -nan | 100.0 |  38.5
               +-------+-------+-------+-------+-------+----------------------

Notes
Turn   | Place    | Note
-------+----------+-------------------------------------------
     0 | D:1      | Sixotanaka the High Elf Skald began the quest for the Orb.
     0 | D:1      | Reached XP level 1. HP: 14/14 MP: 4/4
   109 | D:1      | Reached skill level 3 in Long Blades
   151 | D:1      | Reached XP level 2. HP: 13/19 MP: 6/6
   527 | D:1      | Learned a level 2 spell: Shroud of Golubria
   732 | D:1      | HP: 3/19 [kobold/stone (2)]
   768 | D:1      | Reached skill level 4 in Long Blades
  1167 | D:1      | Reached XP level 3. HP: 12/24 MP: 7/7
  2047 | D:2      | HP: 6/24 [adder (4)]
  2049 | D:2      | HP: 2/24 [poisoned by an adder]
  2049 | D:2      | Slain by an adder

Action                   || total
-------------------------++-------
Melee: Falchion          ||   144
 Cast: Infusion          ||     8
       Shroud of Golubri ||     1
 Stab: Sleeping          ||     1
  Eat: Chunk             ||     4
Armor: Leather armour    ||    26
Dodge: Dodged            ||    84
